Map: Overgrowth LE (Void)

Players

DEN

  • Race: Terran Terran
  • League: Gold
  • Spawn Location: 7:00

Fropez - Winner!

  • Race: Protoss Protoss
  • League: Gold
  • Spawn Location: 1:00

VOD

Have the link to the VOD?

Description

Time

  • Played on: Dec. 9, 2016, 7:19 p.m.
  • Length: 15:00
Show
View Real Time Build Order
Export as new Build Order

DEN Terran 

Build Orders:  

Get SALT Encoding   

  12  0:02  SCV  
  13  0:14  SCV  
  14  0:24  Supply Depot  
  14  0:33  SCV  
  15  0:36  Refinery  
  15  0:45  SCV  
  16  0:51  Barracks  
  16  0:59  Supply Depot  
  16  1:14  Barracks  
  16  1:32  Barracks  
  16  1:40  Marine  
  17  1:50  SCV  
  18  2:01  Reaper  
  19  2:09  SCV  
  19  2:10  Engineering Bay  
  19  2:12  Marine  
  21  2:21  Reaper  
  22  2:30  Barracks  
  21  2:45  Reaper  
  22  2:58  Bunker  
  22  3:05  Marine x2  
  24  3:17  Marine  
  25  3:22  Marine  
  23  3:34  Marine x2  
  23  3:35  Marine  
  23  3:40  Marine  
  24  4:06  Marine x4  
  26  4:28  Missile Turret  
  26  4:31  Marine x3  
  26  4:32  Marine  
  30  4:48  Missile Turret  
  30  4:49  Marine  
  31  4:57  Marine  
  31  5:29  Marine x2  
  31  5:31  Marine x2  
  28  5:47  Marine x2  
  28  5:48  Marine  
  28  5:49  Marine  
  30  5:58  Bunker  
  21  6:24  Marine  
  21  6:25  Marine x3  
  24  6:33  Bunker  
  24  6:42  Marine x2  
  24  6:43  Marine x2  
  28  6:48  Orbital Command  
  28  6:52  Command Center  
  28  7:00  Marine x3  
  30  7:39  Barracks Tech Lab  
  30  7:44  Factory  
  30  7:53  Bunker  
  30  7:59  Bunker  
  30  8:06  Orbital Command  
  30  8:48  Barracks Tech Lab  
  30  8:49  Barracks Tech Lab  
  30  8:55  Starport, Barracks Tech Lab  
  30  8:57  Factory Tech Lab  
  30  8:59  Starport  
  30  9:13  Marauder  
  30  9:15  Marauder x2  
  30  9:16  Marauder  
  38  9:28  Refinery  
  38  9:48  Barracks Tech Lab  
  35  9:56  Orbital Command  
  34  10:07  Starport Reactor x2  
  34  10:31  Marauder x3  
  34  10:32  Marauder  
  42  10:44  SCV x2  
  44  10:52  Marine, Marauder  
  44  10:53  Supply Depot, Marauder  
  44  10:56  SCV x2, Medivac  
  53  11:03  Medivac  
  52  11:08  SCV  
  33  11:54  Medivac  
  35  11:56  Marauder x2  
  35  11:58  Marauder x2  
  39  12:18  Marauder x2  
  39  12:19  Marauder  
  31  12:57  Supply Depot  
  31  13:21  Barracks Reactor  
  31  13:24  Barracks Reactor  
Show
View Real Time Build Order
Export as new Build Order

Fropez Protoss - Winner!

Build Orders:  

Get SALT Encoding   

  12  0:01  Probe (Chrono Boost)  
  13  0:15  Pylon  
  13  0:18  Probe (Chrono Boost)  
  14  0:28  Probe (Chrono Boost)  
  14  0:35  Gateway  
  15  0:39  Probe (Chrono Boost)  
  16  0:45  Assimilator  
  17  0:50  Probe (Chrono Boost)  
  17  1:06  Probe (Chrono Boost)  
  17  1:11  Gateway  
  18  1:15  Assimilator  
  18  1:16  Probe (Chrono Boost)  
  19  1:27  Probe (Chrono Boost), Cybernetics Core  
  20  1:38  Probe (Chrono Boost)  
  20  1:48  Probe (Chrono Boost)  
  21  1:59  Probe (Chrono Boost)  
  22  2:04  Nexus  
  22  2:28  Pylon  
  22  2:46  Warp Gate (Chrono Boost), Mothership Core (Chrono Boost)  
  22  2:50  Adept x2  
  28  3:00  Pylon  
  28  3:04  Pylon  
  28  3:07  Probe  
  29  3:18  Probe  
  29  3:19  Probe  
  30  3:24  Stalker x2  
  35  3:29  Probe  
  35  3:31  Pylon, Probe  
  37  3:39  Probe  
  37  4:05  Probe  
  37  4:06  Probe  
  43  4:20  Probe  
  43  4:24  Assimilator  
  40  4:33  Twilight Council  
  40  4:36  Probe  
  40  4:38  Probe  
  42  4:40  Pylon  
  42  4:48  Pylon  
  42  4:53  Pylon  
  42  5:01  Adept x2  
  45  5:10  Pylon  
  45  5:25  Pylon  
  34  5:50  Probe  
  34  5:51  Probe  
  36  5:58  Gateway  
  36  6:00  Resonating Glaives (Chrono Boost), Gateway x2  
  36  6:03  Pylon  
  34  6:04  Pylon  
  34  6:05  Adept x2  
  33  6:20  Mothership Core  
  34  6:38  Adept x2  
  34  6:39  Pylon  
  38  6:43  Gateway  
  38  6:56  Robotics Facility  
  38  6:59  Adept  
  38  7:00  Adept x4  
  48  7:29  Adept x4  
  56  7:30  Adept  
  56  7:34  Assimilator  
  58  7:42  Probe  
  58  7:43  Probe  
  60  7:49  Pylon  
  60  7:55  Probe  
  61  8:13  Stalker x4  
  61  8:14  Stalker x2  
  73  8:35  Observer (Chrono Boost)  
  74  8:43  Forge  
  74  8:51  Pylon  
  74  8:53  Probe x2  
  74  8:55  Pylon  
  76  9:03  Blink (Chrono Boost)  
  76  9:10  Immortal  
  76  9:15  Stalker  
  76  9:16  Stalker x3  
  76  9:53  Stalker x3  
  76  9:54  Stalker x3  
  76  9:55  Protoss Ground Weapons Level 1 (Chrono Boost)  
  84  10:19  Immortal (Chrono Boost)  
  88  10:40  Adept x6  
  72  11:51  Stalker x5  
  72  11:52  Stalker  
  84  12:05  Nexus  
  84  12:07  Assimilator  
  84  12:12  Assimilator  
  84  12:14  Pylon  
  84  12:16  Pylon  
  66  12:48  Adept  
  66  12:49  Adept x5  
  66  12:50  Probe x2  
  80  12:59  Stargate  
  80  13:02  Probe x2  
  82  13:14  Probe  
  82  13:49  Phoenix  
  82  13:54  Pylon  
  84  13:59  Photon Cannon  
  84  14:02  Photon Cannon, Stalker x2  
  86  14:29  Stalker x3  
  86  14:30  Stalker x2  
  96  14:54  Stalker  
Tags
 
League
GoldGold
Matchup
PvT
Replay Pack
All Mines
Spawn Locations
Cross Positions
Add a new tag
Caveats
  • Supply blocks, unpowered buildings, or Contaminate may cause inaccurate times.
  • Supply counts are checked every 10 seconds.